 Dungeon Crawl Stone Soup version 0.23-a0-607-g760965b (webtiles) character file.

11935 Leeroy the Thaumaturge (level 11, -5/86 HPs)
             Began as a Gnoll Skald on Dec 19, 2018.
             Was a High Priest of Okawaru.
             Slain by Rupert
             ... wielding a +2 great mace of crushing
              (15 damage)
             ... on level 12 of the Dungeon on Dec 20, 2018.
             The game lasted 01:18:37 (11770 turns).

Leeroy the Thaumaturge (Gnoll Skald)               Turns: 11770, Time: 01:18:38

Health: -5/86      AC: 13    Str: 15    XL:     11   Next: 85%
Magic:  2/23       EV: 16    Int: 19    God:    Okawaru [*****.]
Gold:   224        SH:  0    Dex: 14    Spells: 3/26 levels left

rFire    + . .     SeeInvis .   m - +3 short sword (venom)
rCold    . . .     Gourm    +   (no shield)
rNeg     . . .     Faith    .   T - +0 acid dragon scales
rPois    +         Spirit   .   o - +0 helmet of Benevolence {rF+ MR+ Int-2}
rElec    .         Reflect  .   u - +0 cloak
rCorr    +         Harm     .   U - +2 pair of gloves
MR       +....     Rnd*Rage +   (no boots)
Stlth    +++.......             a - amulet of the gourmand
HPRegen  0.24/turn              Y - +3 ring of intelligence
MPRegen  0.18/turn              (no ring)

@: marked, berserk cooldown, hasted and slowed
A: distributed training, fangs 1, berserk 1, poison resistance, strong nose
a: Heroism, Finesse, Renounce Religion


You were on level 12 of the Dungeon.
You worshipped Okawaru.
Okawaru was extremely pleased with you.
You were full.

You visited 2 branches of the dungeon, and saw 13 of its levels.
You also visited: Sewer.

You collected 779 gold pieces.
You spent 555 gold pieces at shops.

Inventory:

Hand Weapons
 g - a +0 dagger of holy wrath
 i - a +0 broad axe
 m - a +3 short sword of venom (weapon)
 q - a +1 vampiric dagger
 r - a +0 scimitar
 w - a +0 shortbow
 C - a +1 war axe of electrocution
 G - a +0 blowgun
 M - a +0 arbalest
 Q - a +0 dagger of flaming
 R - a +2 flail of holy wrath
 S - a +1 dire flail
Missiles
 c - 402 stones (quivered)
 f - 212 arrows
 t - 79 sling bullets
 v - 4 poisoned tomahawks
 D - 3 javelins of penetration
 H - 87 poisoned needles
 L - 4 silver tomahawks
 P - 72 bolts
Armour
 e - a +2 leather armour of fire resistance
 o - the +0 helmet of Benevolence (worn) {rF+ MR+ Int-2}
   (You took it off Robin on level 2 of the Dungeon)

   It affects your intelligence (-2).
   It protects you from fire.
   It affects your resistance to hostile enchantments.
 u - a +0 cloak (worn)
 T - +0 acid dragon scales (worn)
 U - a +2 pair of gloves (worn)
Jewellery
 a - an amulet of the gourmand (around neck)
 b - a cursed -3 ring of dexterity
 n - an uncursed ring of fire
 z - an uncursed amulet of regeneration
 V - an uncursed amulet of the acrobat {unknown}
 X - an uncursed amulet of magic regeneration
 Y - a +3 ring of intelligence (left hand)
Wands
 l - a wand of scattershot (4)
 A - a wand of paralysis (6)
 B - a wand of enslavement (7)
 K - a wand of random effects (37)
 W - a wand of flame (12)
Scrolls
 p - 5 scrolls of magic mapping
 s - 2 scrolls of enchant weapon
 y - a scroll of amnesia
 O - 8 scrolls of remove curse
 Z - 2 scrolls of enchant armour
Potions
 h - 2 potions of haste
 j - 4 potions of lignification
 x - 3 potions of agility
 E - 3 potions of flight
 I - a potion of might
 J - a potion of magic {unknown}
 N - a potion of brilliance
Comestibles
 d - 27 rations


   Skills:
 + Level 8.1 Fighting
 + Level 6.5 Short Blades
 + Level 8.1 Long Blades
 + Level 6.5 Axes
 + Level 6.5 Maces & Flails
 + Level 6.5 Polearms
 + Level 6.5 Staves
 + Level 6.5 Slings
 + Level 6.5 Bows
 + Level 6.5 Crossbows
 + Level 6.5 Throwing
 + Level 7.1 Armour
 + Level 8.1 Dodging
 + Level 6.5 Stealth
 + Level 6.5 Shields
 + Level 6.5 Unarmed Combat
 + Level 8.3 Spellcasting
 + Level 5.4 Conjurations
 + Level 5.4 Hexes
 + Level 7.8 Charms
 + Level 5.4 Summonings
 + Level 5.4 Necromancy
 + Level 5.4 Translocations
 + Level 5.4 Transmutations
 + Level 5.4 Fire Magic
 + Level 5.4 Ice Magic
 + Level 5.4 Air Magic
 + Level 5.4 Earth Magic
 + Level 5.4 Poison Magic
 + Level 7.2 Invocations
 + Level 6.5 Evocations


You had 3 spell levels left.
You knew the following spells:

 Your Spells              Type           Power        Failure   Level  Hunger
a - Ensorcelled Hibernat  Hex/Ice        ####..       1%          2    None
b - Conjure Flame         Conj/Fire      ####....     3%          3    None
d - Regeneration          Chrm/Necr      ####......   2%          3    None
e - Spectral Weapon       Hex/Chrm       ####....     2%          3    None
f - Stone Arrow           Conj/Erth      ####..       3%          3    None
g - Searing Ray           Conj           ####..       1%          2    None
h - Dazzling Spray        Conj/Hex       ####..       3%          3    None
i - Iskenderun's Mystic   Conj           ####....     12%         4    ###....

Your spell library contained the following spells:

 Spells                   Type           Power        Failure   Level  Hunger
 Corona                   Hex            ####...      1%          1    None
 Flame Tongue             Conj/Fire      ####.        1%          1    None
 Infusion                 Chrm           ####         1%          1    None
 Magic Dart               Conj           ####         1%          1    None
 Corpse Rot               Necr           N/A          1%          2    None
 Shroud of Golubria       Chrm/Tloc      ####......   1%          2    None
 Song of Slaying          Chrm           #####...     1%          2    None
 Throw Flame              Conj/Fire      ####..       1%          2    None
 Confuse                  Hex            ####....     3%          3    None
 Inner Flame              Hex/Fire       ####....     3%          3    None
 Tukima's Dance           Hex            ####....     3%          3    None
 Force Lance              Conj/Tloc      ####....     12%         4    ###....
 Fulminant Prism          Conj/Hex       ####......   12%         4    ###....
 Leda's Liquefaction      Hex/Erth       ####......   12%         4    ###....
 Sticky Flame             Conj/Fire      ####....     12%         4    ###....
 Fireball                 Conj/Fire      ####......   34%         5    #####..
 Summon Forest            Summ/Tloc      ####......   34%         5    #####..
 Hydra Form               Tmut           ####......   88%         6    ######.
 Summon Hydra             Summ           ####......   100%        7    #######


Dungeon Overview and Level Annotations

Branches:
Dungeon (12/15)            Temple (1/1) D:6            Lair (0/6) D:10
    Orc (0/2) D:11

Altars:
Ashenzari
Cheibriados
Dithmenos
Elyvilon
Fedhas
Gozag
Hepliaklqana
Kikubaaqudgha
Makhleb
Nemelex Xobeh
Okawaru
Qazlal
Ru
Sif Muna
Trog
Uskayaw
Wu Jian
Xom
Yredelemnul
Zin
The Shining One

Shops:
D:8 ?   D:9 =   D:10 =:(=   D:11 !==[!

Annotations:
D:12 Rupert


Innate Abilities, Weirdness & Mutations

Your experience applies equally to all skills.
You have very sharp teeth.
Your uncanny sense of smell can sniff out nearby items.
You tend to lose your temper in combat.
Your system is resistant to poisons. (rPois)


Message History

You hit something but do no damage. Something hits you.
* * * LOW HITPOINT WARNING * * *
You hit something.
Your surroundings suddenly seem different.
Found a scroll labeled WEUDOT LAKOTISU and a scroll of identify.
Found two stone staircases leading down.
A hippogriff and Rupert come into view.
Rupert is wielding a +2 great mace of crushing.
Press: ? - help, v - describe, . - travel
Here: a hippogriff (resting)
The floor.
You set off the alarm!
A sentinel's mark forms upon you.
Rupert shouts!
You hear a shout! x10; You hear two shouts!
You hear a shout!
Rupert roars madly and goes into a rage!
Rupert goes berserk!
Your skin stops crawling.
Rupert rages.
Rupert hits you with a +2 great mace of crushing!
You die...

.........#
#.........
#........?
#.........
#H........
#......?.. ∆
#.........
##.########..>...#
.......@@........#
......##+####....#
..... ....# ....
...## ... .>.# ∆
.. ...# . .... ∆


You could see Rupert (berserk).

Vanquished Creatures
  A two-headed ogre (D:8)
  An orc knight (D:10)
  A shining eye (shapeshifter) (D:10)
  A cyclops (D:11)
  2 gargoyles
  2 centaur skeletons (D:11)
  A yaktaur (D:10)
  2 trolls (D:11)
  Grinder (D:5)
  2 hornets (D:9)
  Sigmund (D:3)
  2 wyverns
  A vampire (D:11)
  A basilisk (D:10)
  A hungry ghost (D:11)
  Menkaure (D:5)
  Edmund (D:4)
  An acid dragon (D:10)
  A soldier ant (D:9)
  Duvessa (D:4)
  6 orc warriors
  A swamp drake (D:11)
  2 black bears
  5 sky beasts
  An ice beast (D:9)
  An ogre (D:8)
  A necrophage (D:9)
  An eye of draining (D:10)
  A phantom (D:7)
  4 centaurs
  A crocodile (D:10)
  4 big kobolds
  6 bullfrogs
  Dowan (D:4)
  5 scorpions
  26 killer bees
  2 howler monkeys (D:7)
  4 wights (D:11)
  7 crimson imps
  2 bullfrog zombies
  A quasit (D:11)
  14 hounds
  3 orc priests
  A bullfrog skeleton (D:4)
  Jessica (D:2)
  3 worker ants
  2 iguanas
  12 orc wizards
  A hound zombie (D:11)
  A hound skeleton (D:5)
  Robin (D:2)
  A worker ant zombie (D:11)
  12 adders
  7 gnolls
  2 river rats (D:3)
  A shadow imp (D:7)
  2 oozes
  5 worms
  2 dart slugs (D:1)
  6 leopard geckos
  59 orcs
  5 ball pythons
  6 bats
  11 giant cockroaches
  19 goblins
  9 hobgoblins
  9 jackals
  5 quokkas
  6 frilled lizards
  A giant cockroach zombie (D:6)
  20 kobolds
  A leopard gecko skeleton (D:4)
  A quokka zombie (D:9)
  9 rats
  A fungus (D:1)
346 creatures vanquished.

Vanquished Creatures (others)
  A spectral weapon (D:11)
  3 toadstools (D:1)
4 creatures vanquished.

Grand Total: 350 creatures vanquished

Notes
Turn   | Place    | Note
-------+----------+-------------------------------------------
     0 | D:1      | Leeroy the Gnoll Skald began the quest for the Orb.
     0 | D:1      | Reached XP level 1. HP: 20/20 MP: 6/6
   134 | D:1      | Reached XP level 2. HP: 18/26 MP: 7/7
   139 | D:1      | Learned a level 2 spell: Song of Slaying
   142 | D:1      | Learned a level 2 spell: Shroud of Golubria
   305 | D:1      | Reached XP level 3. HP: 27/31 MP: 9/9
   310 | D:1      | Learned a level 3 spell: Regeneration
   314 | D:1      | Learned a level 3 spell: Spectral Weapon
   409 | D:1      | Reached skill level 5 in Spellcasting
   931 | D:2      | Identified the +0 helmet of Benevolence {rF+ MR+ Int-2}
   931 | D:2      | Noticed Robin
   940 | D:2      | Reached skill level 1 in Invocations
   948 | D:2      | Killed Robin
   948 | D:2      | Reached skill level 1 in Short Blades
   948 | D:2      | Reached skill level 1 in Axes
   948 | D:2      | Reached skill level 1 in Maces & Flails
   948 | D:2      | Reached skill level 1 in Polearms
   948 | D:2      | Reached skill level 1 in Staves
   948 | D:2      | Reached skill level 1 in Slings
   948 | D:2      | Reached skill level 1 in Bows
   948 | D:2      | Reached skill level 1 in Crossbows
   948 | D:2      | Reached skill level 1 in Throwing
   948 | D:2      | Reached skill level 1 in Stealth
   948 | D:2      | Reached skill level 1 in Shields
   948 | D:2      | Reached skill level 1 in Unarmed Combat
   948 | D:2      | Reached skill level 1 in Evocations
   948 | D:2      | Reached XP level 4. HP: 28/38 MP: 7/11
  1295 | D:2      | Noticed Jessica
  1309 | D:2      | Killed Jessica
  1309 | D:2      | Reached skill level 1 in Conjurations
  1309 | D:2      | Reached skill level 1 in Hexes
  1309 | D:2      | Reached skill level 1 in Summonings
  1309 | D:2      | Reached skill level 1 in Necromancy
  1309 | D:2      | Reached skill level 1 in Translocations
  1309 | D:2      | Reached skill level 1 in Transmutations
  1309 | D:2      | Reached skill level 1 in Fire Magic
  1309 | D:2      | Reached skill level 1 in Ice Magic
  1309 | D:2      | Reached skill level 1 in Air Magic
  1309 | D:2      | Reached skill level 1 in Earth Magic
  1309 | D:2      | Reached skill level 1 in Poison Magic
  1363 | D:2      | Reached XP level 5. HP: 29/43 MP: 10/12
  1937 | D:3      | Found a glowing drain.
  1959 | D:3      | Reached XP level 6. HP: 12/50 MP: 9/13
  1962 | Sewer    | Entered a sewer
  2247 | Sewer    | Reached skill level 5 in Fighting
  2247 | Sewer    | Reached skill level 5 in Long Blades
  2247 | Sewer    | Reached skill level 5 in Dodging
  2518 | Sewer    | Reached XP level 7. HP: 44/56 MP: 15/15
  3137 | D:3      | Noticed Sigmund
  3156 | D:3      | Killed Sigmund
  3364 | D:3      | Found a sparkling altar of Nemelex Xobeh.
  3535 | D:4      | Noticed Duvessa
  3680 | D:4      | Killed Duvessa
  3680 | D:4      | Reached XP level 8. HP: 45/63 MP: 16/16
  3704 | D:4      | Noticed Dowan
  3718 | D:4      | Killed Dowan
  4126 | D:4      | Noticed Edmund
  4144 | D:4      | Killed Edmund
  4520 | D:5      | Entered Level 5 of the Dungeon
  4533 | D:5      | Noticed Menkaure
  4878 | D:5      | Noticed Grinder
  4909 | D:5      | Killed Grinder
  4937 | D:5      | Killed Menkaure
  4937 | D:5      | Reached XP level 9. HP: 51/69 MP: 12/18
  5819 | D:6      | Found a staircase to the Ecumenical Temple.
  5846 | Temple   | Entered the Ecumenical Temple
  6032 | Temple   | Became a worshipper of Warmaster Okawaru
  6384 | D:7      | Reached skill level 5 in Armour
  6458 | D:7      | Learned a level 3 spell: Stone Arrow
  6556 | D:7      | Reached * piety under Okawaru
  6786 | D:7      | Reached skill level 5 in Invocations
  6857 | D:7      | Found a bloodstained altar of Trog.
  6966 | D:7      | Found a glowing silver altar of Zin.
  7121 | D:7      | Found a glowing golden altar of the Shining One.
  7503 | D:8      | Reached XP level 10. HP: 46/77 MP: 12/20
  7720 | D:8      | Noticed a two-headed ogre
  7737 | D:8      | Killed a two-headed ogre
  7737 | D:8      | Reached ** piety under Okawaru
  7737 | D:8      | Reached skill level 5 in Short Blades
  7737 | D:8      | Reached skill level 5 in Axes
  7737 | D:8      | Reached skill level 5 in Maces & Flails
  7737 | D:8      | Reached skill level 5 in Polearms
  7737 | D:8      | Reached skill level 5 in Staves
  7737 | D:8      | Reached skill level 5 in Slings
  7737 | D:8      | Reached skill level 5 in Bows
  7737 | D:8      | Reached skill level 5 in Crossbows
  7737 | D:8      | Reached skill level 5 in Throwing
  7737 | D:8      | Reached skill level 5 in Stealth
  7737 | D:8      | Reached skill level 5 in Shields
  7737 | D:8      | Reached skill level 5 in Unarmed Combat
  7737 | D:8      | Reached skill level 5 in Evocations
  7768 | D:8      | Found Dila's Magic Scroll Boutique.
  7848 | D:8      | Learned a level 2 spell: Searing Ray
  7852 | D:8      | Learned a level 3 spell: Dazzling Spray
  7857 | D:8      | Learned a level 4 spell: Iskenderun's Mystic Blast
  8228 | D:9      | Found Boticothri's Jewellery Shop.
  8464 | D:9      | Gained mutation: Your spells are a little harder to cast,
                  | but a little more powerful. [potion of mutation]
  8464 | D:9      | Gained mutation: Scrolls take you a little longer to read.
                  | [potion of mutation]
  8464 | D:9      | Gained mutation: You are robust. (+10% HP) [potion of
                  | mutation]
  8652 | D:9      | Reached *** piety under Okawaru
  8652 | D:9      | Received a gift from Okawaru
  8952 | D:10     | Entered Level 10 of the Dungeon
  8966 | D:10     | Found Aczenn's Weapon Shoppe.
  9067 | D:10     | Found Lifodugg's Jewellery Shoppe.
  9218 | D:10     | Found Laywuw's Book Shop.
  9226 | D:10     | Bought a book of Flames for 420 gold pieces
  9245 | D:10     | Noticed a gargoyle
  9251 | D:10     | Killed a gargoyle
  9256 | D:10     | Found a staircase to the Lair.
  9391 | D:10     | Noticed an orc knight
  9487 | D:10     | Found Haismi's Jewellery Emporium.
  9580 | D:10     | Reached XP level 11. HP: 73/91 MP: 22/22
  9581 | D:10     | Upgraded the game from 0.23-a0-586-gacb4b3f to
                  | 0.23-a0-607-g760965b
  9808 | D:10     | Killed an orc knight
  9808 | D:10     | Received a gift from Okawaru
  9967 | D:10     | Noticed a shining eye
  9967 | D:10     | an elephant changed into a shining eye
  9974 | D:10     | Gained mutation: Scrolls take you longer to read. [a
                  | shining eye]
  9976 | D:10     | Gained mutation: Your body sometimes deteriorates upon
                  | taking damage. [a shining eye]
  9978 | D:10     | Killed a shining eye
  9981 | D:10     | Lost mutation: Scrolls take you longer to read. [potion of
                  | mutation]
  9981 | D:10     | Lost mutation: Your spells are a little harder to cast, but
                  | a little more powerful. [potion of mutation]
  9981 | D:10     | Gained mutation: Scrolls take you longer to read. [potion
                  | of mutation]
  9981 | D:10     | Gained mutation: You expend magic power (3 MP) to
                  | strengthen your wands. [potion of mutation]
 10337 | D:10     | Reached **** piety under Okawaru
 10345 | D:10     | Learned a level 2 spell: Ensorcelled Hibernation
 10471 | D:11     | Found Caycw's Distillery.
 10473 | D:11     | Found Ginureur's Jewellery Shop.
 10484 | D:11     | Found Coehav's Armour Emporium.
 10552 | D:11     | Reached skill level 5 in Conjurations
 10552 | D:11     | Reached skill level 5 in Hexes
 10552 | D:11     | Reached skill level 5 in Summonings
 10552 | D:11     | Reached skill level 5 in Necromancy
 10552 | D:11     | Reached skill level 5 in Translocations
 10552 | D:11     | Reached skill level 5 in Transmutations
 10552 | D:11     | Reached skill level 5 in Fire Magic
 10552 | D:11     | Reached skill level 5 in Ice Magic
 10552 | D:11     | Reached skill level 5 in Air Magic
 10552 | D:11     | Reached skill level 5 in Earth Magic
 10552 | D:11     | Reached skill level 5 in Poison Magic
 10566 | D:11     | Bought a potion of heal wounds for 65 gold pieces
 10686 | D:11     | Found Posuz's Jewellery Shop.
 10727 | D:11     | Noticed a cyclops
 10743 | D:11     | Killed a cyclops
 10770 | D:11     | Lost mutation: Your body sometimes deteriorates upon taking
                  | damage. [potion of mutation]
 10770 | D:11     | Lost mutation: Scrolls take you longer to read. [potion of
                  | mutation]
 10770 | D:11     | Lost mutation: Scrolls take you a little longer to read.
                  | [potion of mutation]
 10770 | D:11     | Lost mutation: You expend magic power (3 MP) to strengthen
                  | your wands. [potion of mutation]
 10770 | D:11     | Lost mutation: You are robust. (+10% HP) [potion of
                  | mutation]
 10770 | D:11     | Gained mutation: You tend to lose your temper in combat.
                  | [potion of mutation]
 10770 | D:11     | Gained mutation: Your system is resistant to poisons.
                  | (rPois) [potion of mutation]
 10844 | D:11     | Found Yramaji's Distillery.
 10871 | D:11     | Bought a potion of heal wounds for 70 gold pieces
 10947 | D:11     | Learned a level 3 spell: Conjure Flame
 11051 | D:11     | Received a gift from Okawaru
 11423 | D:11     | Found a staircase to the Orcish Mines.
 11591 | D:11     | Noticed a four-headed hydra
 11633 | D:11     | Received a gift from Okawaru
 11706 | D:11     | Noticed a two-headed ogre
 11722 | D:11     | Reached ***** piety under Okawaru
 11753 | D:12     | HP: 4/86 [something (6)]
 11766 | D:12     | Noticed Rupert
 11770 | D:12     | Slain by Rupert

Vault maps used:
D:1:      ncdulo_halloftheorcs, minmay_gold_behind_fungi
D:2:      uniq_jessica, uniq_robin
D:3:      portal_sewer_entry_a, nemelex_xobeh_ov_fountains_minmay, uniq_sigmund
D:4:      uniq_edmund, uniq_duvessa
D:5:      first_ration, uniq_grinder, uniq_menkaure
D:6:      minmay_temple_entry_trees
D:7:      tso_oasis_becter, nicolae_overflow_hidden_temple, minmay_fountain_box
D:8:      serial_shops, kennysheep_mini
D:9:      serial_shops, shop, hangedman_pestilent_swarm
D:10:     minmay_curly_fans, lair_entry_dummy, serial_shops, shop,
          kennysheep_mini_moat, shop,
          nicolae_shop_temple_entry_statues_fountains
D:11:     hangedman_what_comes_after_a, erik_orc_1, serial_shops,
          nicolae_shop_crystal, nicolae_shop_statue_plus, nicolae_shop_trees,
          shop, shop
D:12:     wander_kiku_kobolds, portal_ice_cave_entry_pillars_1, uniq_rupert
Temple:   hc_temple_tempest_star
Sewer:    sewer_co_15_rooms

Skill      XL: |  1  2  3  4  5  6  7  8  9 10 11 |
---------------+----------------------------------+-----
Spellcasting   | 5 6 7 8 |  8.3
Invocations    | 1 2 3 4 5 6 7 |  7.2
Short Blades   | 1 2 3 4 5 6 |  6.5
Axes           | 1 2 3 4 5 6 |  6.5
Maces & Flails | 1 2 3 4 5 6 |  6.5
Polearms       | 1 2 3 4 5 6 |  6.5
Staves         | 1 2 3 4 5 6 |  6.5
Slings         | 1 2 3 4 5 6 |  6.5
Bows           | 1 2 3 4 5 6 |  6.5
Crossbows      | 1 2 3 4 5 6 |  6.5
Throwing       | 1 2 3 4 5 6 |  6.5
Stealth        | 1 2 3 4 5 6 |  6.5
Shields        | 1 2 3 4 5 6 |  6.5
Unarmed Combat | 1 2 3 4 5 6 |  6.5
Evocations     | 1 2 3 4 5 6 |  6.5
Conjurations   | 1 2 3 4 5 |  5.4
Hexes          | 1 2 3 4 5 |  5.4
Summonings     | 1 2 3 4 5 |  5.4
Necromancy     | 1 2 3 4 5 |  5.4
Translocations | 1 2 3 4 5 |  5.4
Transmutations | 1 2 3 4 5 |  5.4
Fire Magic     | 1 2 3 4 5 |  5.4
Ice Magic      | 1 2 3 4 5 |  5.4
Air Magic      | 1 2 3 4 5 |  5.4
Earth Magic    | 1 2 3 4 5 |  5.4
Poison Magic   | 1 2 3 4 5 |  5.4
Armour         | 3 4 5 6 7 |  7.1
Fighting       | 5 6 7 8 |  8.1
Long Blades    | 5 6 7 8 |  8.1
Dodging        | 5 6 7 8 |  8.1
Charms         | 6 7 |  7.8

Action                   |  1- 3 |  4- 6 |  7- 9 | 10-12 || total
-------------------------+-------+-------+-------+-------++-------
Melee: Falchion          |    85 |   106 |       |       ||   191
       Bite              |    13 |    15 |    65 |    63 ||   156
       War axe           |       |    14 |       |    25 ||    39
       Punch             |       |     2 |     3 |    18 ||    23
       Dagger            |       |    87 |    46 |    24 ||   157
       Short sword       |       |       |   443 |   444 ||   887
       Hand axe          |       |       |     8 |       ||     8
       Flail             |       |       |    32 |    66 ||    98
 Fire: Shortbow          |       |       |     4 |     5 ||     9
       Blowgun           |       |       |       |     2 ||     2
Throw: Stone             |       |     1 |     8 |     1 ||    10
       Tomahawk          |       |       |       |     3 ||     3
 Cast: Shroud of Golubri |     1 |     1 |     3 |     3 ||     8
       Song of Slaying   |     1 |       |     1 |     1 ||     3
       Regeneration      |       |     2 |     4 |    13 ||    19
       Spectral Weapon   |       |     1 |     8 |     4 ||    13
       Infusion          |       |     1 |       |       ||     1
       Dazzling Spray    |       |       |       |    28 ||    28
       Iskenderun's Myst |       |       |       |     8 ||     8
       Searing Ray       |       |       |       |     5 ||     5
       Stone Arrow       |       |       |       |     1 ||     1
       Ensorcelled Hiber |       |       |       |     8 ||     8
       Conjure Flame     |       |       |       |     4 ||     4
Invok: Heroism           |       |       |       |     1 ||     1
  Use: Potion            |       |     3 |     3 |    17 ||    23
       Scroll            |       |     1 |    11 |    16 ||    28
 Stab: Sleeping          |       |     2 |     2 |     9 ||    13
       Invisible         |       |       |       |     3 ||     3
       Distracted        |       |       |       |     1 ||     1
       Confused          |       |       |       |     2 ||     2
  Eat: Chunk             |       |     6 |    14 |    30 ||    50
       Ration            |       |       |     1 |       ||     1
Armor: Leather armour    |    17 |    70 |   214 |    75 ||   376
       Acid dragon scale |       |       |       |   215 ||   215
Dodge: Dodged            |    91 |   182 |   518 |   707 ||  1498
       Rpst.: Falchion   |    28 |    34 |       |       ||    62

Table legend:
 A = Non-vault XP
 B = Vault XP
 C = Vault XP percentage of total XP
 D = Non-vault monster count
 E = Vault monster count
 F = Vault count percentage of total count
                 A         B        C        D         E       F
            +---------+---------+-------+---------+---------+-------
      Total |    9982 |    7069 |  41.5 |     252 |      93 |  27.0
            +---------+---------+-------+---------+---------+-------
        D:1 |      50 |       0 |   0.0 |      24 |       0 |   0.0
        D:2 |      81 |      71 |  46.7 |      26 |      12 |  31.6
        D:3 |     214 |     245 |  53.4 |      27 |       8 |  22.9
        D:4 |     320 |     396 |  55.3 |      16 |       3 |  15.8
        D:5 |     421 |     449 |  51.6 |      22 |       2 |   8.3
        D:6 |     674 |       0 |   0.0 |      16 |       0 |   0.0
        D:7 |    1072 |       0 |   0.0 |      22 |       0 |   0.0
        D:8 |    1823 |       0 |   0.0 |      23 |       0 |   0.0
        D:9 |    1153 |     724 |  38.6 |      33 |       4 |  10.8
       D:10 |    1514 |    1731 |  53.3 |      18 |       4 |  18.2
       D:11 |    2657 |    2903 |  52.2 |      24 |      41 |  63.1
       D:12 |       3 |     210 |  98.6 |       1 |       3 |  75.0
      Sewer |       0 |     340 | 100.0 |       0 |      16 | 100.0
            +---------+---------+-------+---------+---------+-------
